 Dungeon Crawl Stone Soup version 0.30-a0-451-ge042605de7 (webtiles) character file.

Game seed: 10526054528093158866

50935 karrick the Bludgeoner (level 14, -11/95 HPs)
             Began as a Gargoyle Fighter on Dec 11, 2022.
             Was the Champion of Okawaru.
             Mangled by an azure jelly (19 damage)
             ... in an ice cave.
             The game lasted 01:03:20 (19453 turns).

karrick the Bludgeoner (Gargoyle Fighter)          Turns: 19453, Time: 01:03:21

Health: -11/95     AC: 31    Str: 26    XL:     14   Next: 57%
Magic:  0/15       EV: 13    Int: 18    God:    Okawaru [******]
Gold:   930        SH:  7    Dex: 15    Spells: 13/13 levels left

rFire   x . .      SeeInvis .    Z - +11 morningstar of the Valley {freeze, Int+5}
rCold   + . .      Faith    .    c - +0 buckler
rNeg    + + .      Spirit   +    i - +0 ice dragon scales
rPois   ∞          Reflect  .    Q - +0 helmet
rElec   +          Harm     .    I - +1 cloak
rCorr   .          Rampage  .    (no gloves)
Will    +....                    V - +2 pair of boots of Goitang {rElec Int+3 Dex+2}
Stlth   ++........               C - amulet of guardian spirit
HPRegen 0.35/turn                f - ring of Yendor {Fly rC- rN+ Str+6}
MPRegen 0.14/turn                U - +4 ring of evasion

@: flying
A: sickness immunity, AC +10, big wings, negative energy resistance 1,
electricity resistance, torment resistance 1, petrification resistance
a: Renounce Religion, Heroism, Finesse, Duel


You were in an ice cave.
You worshipped Okawaru.
Okawaru was exalted by your worship.
You visited 3 branches of the dungeon, and saw 20 of its levels.
You also visited: Gauntlet and Ice Cave.

You collected 1197 gold pieces.
You spent 267 gold pieces at shops.

Inventory:

Hand Weapons
 t - a +2 vorpal broad axe
 w - a +4 war axe
 B - a +2 flail of protection
 X - a +0 scimitar of flaming
 Z - the +11 morningstar of the Valley (weapon) {freeze, Int+5}
   (You found it on level 10 of the Dungeon)

   It freezes those it strikes, dealing additional cold damage.
   It can also slow down cold-blooded creatures.
   Int:       It affects your intelligence (+5).
Missiles
 d - a boomerang
 l - 2 javelins (quivered)
 D - 6 silver javelins
Armour
 c - a +0 buckler (worn)
 i - +0 ice dragon scales (worn)
 p - a +2 ring mail of cold resistance
 v - +0 acid dragon scales
 I - a +1 cloak (worn)
 M - a +0 troll leather armour
 N - the +3 chain mail of Learphio {Rampage +Inv rPois}
   (Okawaru gifted it to you on level 5 of the Lair of Beasts)

   rPois:     It protects you from poison.
   +Inv:      It lets you turn invisible.
   Rampage:   It bestows one free step when moving towards enemies.
 Q - a +0 helmet (worn)
 V - the +2 pair of boots of Goitang (worn) {rElec Int+3 Dex+2}
   (Okawaru gifted it to you on level 13 of the Dungeon)

   Int:       It affects your intelligence (+3).
   Dex:       It affects your dexterity (+2).
   rElec:     It insulates you from electricity.
Jewellery
 f - the ring of Yendor (left hand) {Fly rC- rN+ Str+6}
   (You found it in a Gauntlet)

   [ring of strength]

   Str:       It affects your strength (+6).
   rC:        It makes you vulnerable to cold.
   rN:        It protects you from negative energy.
   Fly:       It grants you flight.
 r - an amulet of the acrobat
 C - an amulet of guardian spirit (around neck)
 U - a +4 ring of evasion (right hand)
Wands
 s - a wand of roots (6)
 G - a wand of light (10)
 H - a wand of polymorph (22)
 K - a wand of flame (34)
 S - a wand of paralysis (9)
Scrolls
 b - 2 scrolls of enchant weapon
 g - 4 scrolls of fog
 h - a scroll of fear
 j - 3 scrolls of brand weapon
 n - 2 scrolls of vulnerability
 q - 5 scrolls of immolation
 y - 2 scrolls of silence
 A - a scroll of teleportation
 F - a scroll of poison
 J - a scroll of amnesia
 W - 3 scrolls of enchant armour
Potions
 e - 2 potions of cancellation {unknown}
 k - a potion of brilliance
 m - 4 potions of haste {unknown}
 o - 2 potions of lignification {unknown}
 u - 5 potions of curing
 x - a potion of flight {unknown}
 z - 4 potions of heal wounds {unknown}
 E - 3 potions of magic {unknown}
 L - 3 potions of resistance {unknown}
 R - a potion of ambrosia {unknown}
 T - 2 potions of attraction {unknown}
 Y - 2 potions of mutation {unknown}
Miscellaneous
 O - a box of beasts
 P - a phantom mirror


   Skills:
 + Level 13.9 Fighting
 + Level 16.5 Maces & Flails
 + Level 10.9 Armour
 + Level 5.9 Stealth
 + Level 11.3 Shields
 + Level 1.6 Invocations


You had 13 spell levels left.
You didn't know any spells.
Your spell library contained the following spells:

 Spells                   Type           Power      Damage    Failure   Level
 Apportation              Tloc           0%         N/A       52%         1
 Necrotise                Necr           0%         1d4       52%         1
 Ensorcelled Hibernation  Hex/Ice        0%         N/A       65%         2
 Hailstorm                Conj/Ice       0%         3d3       87%         3
 Ignite Poison            Fire/Tmut/Pois 0%         N/A       87%         3
 Ozocubu's Armour         Ice            0%         N/A       87%         3
 Vampiric Draining        Necr           0%         2d6       87%         3
 Leda's Liquefaction      Hex/Erth       0%         N/A       99%         4
 Sticky Flame             Conj/Fire      0%         2d3       99%         4
 Agony                    Necr           0%         N/A       100%        5
 Lee's Rapid Deconstruct  Erth           0%         3d4*      100%        5
 Ozocubu's Refrigeration  Ice            0%         4d7       100%        7
 Ignition                 Fire           0%         3d3       100%        8
 Summon Small Mammal      Summ           Unusable   N/A       N/A         1
 Simulacrum               Ice/Necr       Unusable   N/A       N/A         6
 Statue Form              Tmut/Erth      Unusable   N/A       N/A         6

Dungeon Overview and Level Annotations

Branches:
Dungeon (14/15)            Temple (1/1) D:7            Lair (5/5) D:9
  Swamp (0/4) Lair:3       Spider (0/4) Lair:2        Slime (0/5) Lair:4
    Orc (0/2) D:10          IceCv (1/1)             Gauntlet (visited)
 Vaults: D:13-14

Altars:
Ashenzari
Cheibriados
Dithmenos
Elyvilon
Fedhas
Gozag
Hepliaklqana
Kikubaaqudgha
Makhleb
Nemelex Xobeh
Okawaru
Qazlal
Ru
Sif Muna
Trog
Uskayaw
Vehumet
Wu Jian
Xom
Yredelemnul
Zin
The Shining One
Jiyva

Shops:
D:5 (   D:6 (   D:8 *   D:10 [::   D:14 =

Portals:
Trove: D:12 (give horn of Geryon)

Annotations:
D:5 Dowan, Duvessa
D:10 4 transporters, leviel's ghost, novice DrBe
D:12 Kirke


Innate Abilities, Weirdness & Mutations

You are immune to sickness and miasma.
Your stone body is resilient. (AC +10)
You are immune to poison.
Your large and strong wings let you fly.
You resist negative energy. (rN+)
You are resistant to electric shocks. (rElec)
You are resistant to unholy torment.
You are immune to petrification.


Message History

The azure jelly hits you! The azure jelly freezes you! You resist.
* * * LOW HITPOINT WARNING * * *
The azure jelly hits you but does no damage. x2
As you read the scroll of teleportation, it crumbles to dust.
You feel strangely unstable. The azure jelly hits you.
* * * LOW HITPOINT WARNING * * *
The azure jelly freezes you! You resist.
* * * LOW HITPOINT WARNING * * *
The azure jelly hits you but does no damage.
You block the azure jelly's attack.
The azure jelly hits you but does no damage.
The azure jelly hits you but does no damage.
The azure jelly barely misses you.
The azure jelly hits you but does no damage.
The azure jelly misses you.
Your surroundings seem slightly different.
As you read the scroll of fear, it crumbles to dust.
You assume a fearsome visage.
The azure jelly looks frightened!
The azure jelly jiggles.
You feel like a meek peon again. 2 azure jellies come into view.
The azure jelly quivers.
As you read the scroll of teleportation, it crumbles to dust.
You feel strangely unstable.
Your surroundings suddenly seem different.
You are splashed with acid!
* * * LOW HITPOINT WARNING * * *
The azure jelly closely misses you. The azure jelly barely misses you.
The azure jelly hits you but does no damage.
The azure jelly hits you.
* * * LOW HITPOINT WARNING * * *
As you read the scroll of fear, it crumbles to dust.
You assume a fearsome visage.
The azure jelly resists with almost no effort.
You feel a little less mighty now.
The azure jelly hits you but does no damage.
The azure jelly hits you.
* * * LOW HITPOINT WARNING * * *
The azure jelly freezes you!! You resist.
You die...

............######.....#
##....###.....###......#
....### ###...........##
...### #.........###
.....### ##.########
.......#####.#####
##...............##
.######...........####
...##########...@....##
.....##########..J....##
#.............####.....#
...J....#..............#
#.....###.....####.....#
....####...J.###......##
...## #.............###
.### ###.........### #
###########


You could see an azure jelly.

Vanquished Creatures
  Gastronok (D:12)
  A rockslime (IceCv)
  3 quicksilver oozes (IceCv)
  A minotaur (Gauntlet)
  Snorg (D:12)
  An ice dragon (D:14)
  A hydra (Lair:5)
  A centaur warrior (D:13)
  A catoblepas (Lair:5)
  A two-headed ogre (D:12)
  5 death yaks (Lair:3)
  A tengu warrior (D:14)
  2 orange crystal statues (IceCv)
  A deep elf pyromancer (D:13)
  A deep elf zephyrmancer (D:13)
  2 ugly things
  3 cyclopes
  2 manticores
  9 elephants
  A moth of wrath (Gauntlet)
  4 black mambas
  5 cane toads
  4 gargoyles
  8 rime drakes
  2 unseen horrors (D:11)
  A kobold demonologist (D:13)
  2 minotaur zombies (Gauntlet)
  An efreet (D:13)
  4 komodo dragons
  2 polar bears (Lair:5)
  3 trolls
  21 slime creatures (IceCv)
  13 blink frogs
  A flying skull (Gauntlet)
  A centaur simulacrum (Gauntlet)
  5 wyverns
  A wraith (D:6)
  23 yaks
  4 vampires
  4 hogs (D:12)
  5 basilisks
  A redback (Lair:2)
  A steam dragon (D:7)
  6 vampire mosquitoes
  An acid dragon (D:13)
  9 water moccasins
  3 black bears
  An ice beast (D:7)
  6 orc warriors
  A sky beast (D:8)
  4 great orb of eyes simulacra (IceCv)
  17 wolves
  2 centaurs
  5 slime creature simulacra (IceCv)
  2 phantoms (D:6)
  A kobold brigand (D:8)
  Blork the orc (D:5)
  10 bullfrogs
  A scorpion (D:7)
  2 necrophages (D:5)
  5 glowing shapeshifter simulacra (IceCv)
  9 wights
  2 howler monkeys
  5 electric eels (D:10)
  A bullfrog zombie (D:5)
  A wyvern simulacrum (Gauntlet)
  2 hounds
  4 jellies
  6 orc priests
  A human zombie (D:5)
  4 iguanas
  Natasha (twice) (D:2)
  16 orc wizards
  7 hell rats (Lair:5)
  2 mummies (D:5)
  4 gnolls (D:2)
  5 adders
  A white imp (D:8)
  An adder zombie (D:5)
  A worm (D:2)
  A dart slug (D:4)
  62 orcs
  9 ball pythons
  3 bats
  5 endoplasms
  2 giant cockroaches
  11 goblins
  4 hobgoblins
  2 jackals (D:2)
  3 quokkas
  2 frilled lizards (D:3)
  10 kobolds
  7 rats
427 creatures vanquished.

Vanquished Creatures (others)
  A great orb of eyes simulacrum (IceCv)
  A wolf (Lair:5)
  A slime creature simulacrum (IceCv)
  2 bushes (Lair:5)
  30 fungi
  45 plants
80 creatures vanquished.

Grand Total: 507 creatures vanquished

Notes
Turn   | Place    | Note
-------+----------+-------------------------------------------
     0 | D:1      | karrick the Gargoyle Fighter began the quest for the Orb.
     0 | D:1      | Reached XP level 1. HP: 14/14 MP: 1/1
   142 | D:1      | You fall into a shaft and drop 1 floor!
   159 | D:2      | Reached XP level 2. HP: 16/19 MP: 2/2
   445 | D:1      | Reached XP level 3. HP: 22/24 MP: 3/3
   743 | D:2      | Reached XP level 4. HP: 19/29 MP: 4/4
   749 | D:2      | Reached skill level 3 in Maces & Flails
   849 | D:2      | Found a basalt altar of Yredelemnul.
   901 | D:2      | Noticed Natasha
   906 | D:2      | Killed Natasha
  1146 | D:2      | Noticed Natasha
  1159 | D:2      | Killed Natasha
  1160 | D:2      | Reached XP level 5. HP: 24/33 MP: 5/5
  1271 | D:3      | Found an opulent altar of Gozag.
  1271 | D:3      | Found a glowing silver altar of Zin.
  1415 | D:3      | Found an ornate altar of the Wu Jian Council.
  1600 | D:3      | Found a bloodstained altar of Trog.
  1646 | D:3      | Found a shadowy altar of Dithmenos.
  1778 | D:3      | Reached skill level 4 in Maces & Flails
  1813 | D:3      | Reached XP level 6. HP: 24/38 MP: 6/6
  2084 | D:4      | Found a radiant altar of Vehumet.
  2290 | D:5      | Entered Level 5 of the Dungeon
  2331 | D:5      | Found a sacrificial altar of Ru.
  2343 | D:5      | Found Runael's Weapon Shoppe.
  2386 | D:5      | Noticed Duvessa
  2391 | D:5      | Noticed Dowan
  2540 | D:6      | Noticed a wraith
  2540 | D:6      | Found Canilitz's Antique Weapon Shop.
  2563 | D:6      | Killed a wraith
  2564 | D:6      | Reached skill level 5 in Maces & Flails
  2564 | D:6      | Reached skill level 5 in Armour
  2564 | D:6      | Reached XP level 7. HP: 15/44 MP: 7/7
  2665 | D:6      | Bought a runed broad axe for 161 gold pieces
  3579 | D:7      | Reached skill level 5 in Fighting
  3598 | D:7      | Noticed a wyvern
  3598 | D:7      | Noticed a steam dragon
  3614 | D:7      | Killed a wyvern
  3615 | D:7      | Reached skill level 6 in Maces & Flails
  3615 | D:7      | Reached XP level 8. HP: 47/49 MP: 8/8
  3636 | D:7      | Reached skill level 1 in Stealth
  4116 | D:5      | Noticed Blork the orc
  4123 | D:5      | Killed Blork the orc
  4164 | D:6      | Reached skill level 7 in Maces & Flails
  4164 | D:6      | Reached skill level 5 in Shields
  4425 | D:5      | Found a basalt altar of Yredelemnul.
  4601 | D:5      | Reached XP level 9. HP: 45/55 MP: 9/9
  4648 | D:5      | Reached skill level 8 in Maces & Flails
  4977 | D:7      | Found a staircase to the Ecumenical Temple.
  4986 | Temple   | Entered the Ecumenical Temple
  5979 | D:8      | Reached skill level 9 in Maces & Flails
  6073 | D:8      | Found Jeiw Mest's Assorted Antiques.
  6077 | D:8      | Bought a scroll labelled XEFEGH AKEZOKE for 28 gold pieces
  6077 | D:8      | Bought 2 sapphire potions for 50 gold pieces
  6077 | D:8      | Bought a scroll labelled ERRELO OBOI for 28 gold pieces
  6443 | D:8      | Reached XP level 10. HP: 59/61 MP: 10/10
  6452 | D:8      | Reached skill level 10 in Maces & Flails
  6710 | D:8      | Found a broken altar of Ashenzari.
  6864 | D:8      | Found a burning altar of Makhleb.
  7186 | D:9      | Noticed a cyan ugly thing
  7206 | D:9      | Killed a cyan ugly thing
  7303 | D:9      | Found a staircase to the Lair.
  7398 | D:9      | Found an iron altar of Okawaru.
  7442 | D:9      | Found an ancient bone altar of Kikubaaqudgha.
  7458 | D:9      | Noticed a manticore
  7467 | D:9      | Killed a manticore
  7672 | D:9      | Found a white marble altar of Elyvilon.
  7784 | D:9      | Became a worshipper of Warmaster Okawaru
  7951 | D:10     | Entered Level 10 of the Dungeon
  7969 | D:10     | Reached skill level 11 in Maces & Flails
  8274 | Lair:1   | Entered Level 1 of the Lair of Beasts
  8298 | Lair:1   | Reached * piety under Okawaru
  8334 | Lair:1   | Found a gate leading to a gauntlet.
  8409 | Gauntlet | Entered a Gauntlet
  8409 | Gauntlet | Noticed a torpor snail
  8409 | Gauntlet | Noticed a death yak
  8409 | Gauntlet | Noticed a moth of wrath
  8409 | Gauntlet | Found a transporter.
  8409 | Gauntlet | Found a transporter.
  8409 | Gauntlet | Found a transporter.
  8410 | Gauntlet | Found a transporter.
  8410 | Gauntlet | Noticed a death yak
  8411 | Gauntlet | Noticed a death yak
  8413 | Gauntlet | Found a transporter.
  8415 | Gauntlet | Found a large runed translucent door.
  8416 | Gauntlet | Found a large runed translucent door.
  8416 | Gauntlet | Noticed a death yak
  8417 | Gauntlet | Found a large runed translucent door.
  8417 | Gauntlet | Found a large runed translucent door.
  8417 | Gauntlet | Found a runed translucent door.
  8417 | Gauntlet | Noticed a death yak
  8418 | Gauntlet | Found a large runed translucent door.
  8419 | Gauntlet | Found a large runed translucent door.
  8420 | Gauntlet | Found a large runed translucent door.
  8420 | Gauntlet | Found a large runed translucent door.
  8421 | Gauntlet | Found a runed translucent gate.
  8425 | Gauntlet | Found a transporter.
  8430 | Gauntlet | Found a transporter.
  8430 | Gauntlet | Found a runed translucent gate.
  8431 | Gauntlet | Found a runed translucent gate.
  8431 | Gauntlet | Found a runed translucent door.
  8432 | Gauntlet | Found a large runed translucent door.
  8432 | Gauntlet | Found a large runed translucent door.
  8433 | Gauntlet | Found a large runed translucent door.
  8434 | Gauntlet | Found a large runed translucent door.
  8443 | Gauntlet | Found a large runed translucent door.
  8443 | Gauntlet | Found a large runed translucent door.
  8444 | Gauntlet | Found a large runed translucent door.
  8445 | Gauntlet | Found a large runed translucent door.
  8489 | Gauntlet | Found a transporter.
  8499 | Gauntlet | Found a transporter.
  8514 | Gauntlet | Found a transporter.
  8524 | Gauntlet | Found a transporter.
  8539 | Gauntlet | Found a transporter.
  8605 | Gauntlet | Killed a moth of wrath
  8606 | Gauntlet | Reached ** piety under Okawaru
  8607 | Gauntlet | Reached XP level 11. HP: 34/68 MP: 3/11
  8611 | Gauntlet | Identified the ring of Yendor {Fly rC- rN+ Str+6}
  8906 | Gauntlet | Identified the +6 sling of the Beast {speed, +Blink rN+
                  | rCorr}
  8906 | Gauntlet | Noticed a minotaur
  8917 | Gauntlet | Killed a minotaur
  9044 | Gauntlet | Reached skill level 12 in Maces & Flails
  9322 | Lair:1   | Reached *** piety under Okawaru
  9404 | Lair:1   | Reached skill level 1 in Invocations
  9525 | Lair:1   | Noticed a boulder beetle
  9585 | Lair:2   | Found a hole to the Spider Nest.
  9751 | Lair:2   | Found a glowing golden altar of the Shining One.
  9991 | Lair:2   | Reached **** piety under Okawaru
 10776 | Lair:2   | Reached skill level 13 in Maces & Flails
 10912 | Lair:3   | Reached XP level 12. HP: 72/77 MP: 12/12
 10921 | Lair:3   | Reached ***** piety under Okawaru
 11259 | Lair:3   | Found a staircase to the Swamp.
 11278 | Lair:3   | Reached skill level 10 in Fighting
 11571 | Lair:3   | Noticed a death yak
 11572 | Lair:3   | Noticed a death yak
 11572 | Lair:3   | Noticed a death yak
 11572 | Lair:3   | Noticed a death yak
 11573 | Lair:3   | Noticed a death yak
 11587 | Lair:3   | Killed a death yak
 11597 | Lair:3   | Killed a death yak
 11613 | Lair:3   | Killed a death yak
 11631 | Lair:3   | Killed a death yak
 11643 | Lair:3   | Killed a death yak
 11643 | Lair:3   | Received a gift from Okawaru
 11644 | Lair:3   | Reached skill level 14 in Maces & Flails
 12395 | Lair:4   | Found a staircase to the Slime Pits.
 12398 | Lair:4   | Found a viscous altar of Jiyva.
 12636 | Lair:5   | Entered Level 5 of the Lair of Beasts
 12636 | Lair:5   | Noticed a boulder beetle
 12636 | Lair:5   | Noticed a death yak
 12636 | Lair:5   | Noticed a death yak
 12636 | Lair:5   | Noticed a death yak
 12636 | Lair:5   | Noticed a death yak
 12636 | Lair:5   | Noticed a death yak
 12636 | Lair:5   | Noticed a death yak
 13104 | Lair:4   | HP: 3/79 [black mamba (10)]
 13346 | Lair:5   | Noticed a seven-headed hydra
 13362 | Lair:5   | Killed a seven-headed hydra
 13404 | Lair:5   | Reached XP level 13. HP: 22/84 MP: 5/14
 13417 | Lair:5   | Received a gift from Okawaru
 13842 | Lair:5   | Reached skill level 10 in Armour
 13861 | Lair:5   | Reached skill level 10 in Shields
 13866 | Lair:5   | Identified the +3 chain mail of Learphio {Rampage +Inv
                  | rPois} (Okawaru gifted it to you on level 5 of the Lair of
                  | Beasts)
 13866 | Lair:5   | Received a gift from Okawaru
 15016 | D:10     | Found a transporter.
 15017 | D:10     | Found a bloodstained altar of Trog.
 15017 | D:10     | Noticed leviel's ghost (novice DrBe)
 15023 | D:10     | Found a transporter.
 15184 | D:10     | Identified the +11 morningstar of the Valley {freeze,
                  | Int+5}
 15238 | D:10     | Found a transporter.
 15271 | D:10     | Found Heukak's Armour Shop.
 15276 | D:10     | Found a transporter.
 15287 | D:10     | Found Laruetad's Book Boutique.
 15445 | D:10     | Paralysed by an orc for 4 turns
 15637 | D:10     | Found a staircase to the Orcish Mines.
 15775 | D:10     | Found Juodizad's Book Emporium.
 15851 | D:11     | Reached skill level 15 in Maces & Flails
 16826 | D:12     | Noticed Snorg
 16845 | D:12     | Killed Snorg
 16913 | D:12     | Noticed Kirke
 17001 | D:12     | Reached skill level 5 in Stealth
 17264 | D:12     | Found a portal to a secret trove of treasure.
 17387 | D:12     | Noticed Gastronok
 17414 | D:12     | Killed Gastronok
 17414 | D:12     | Reached ****** piety under Okawaru
 17496 | D:12     | Noticed a sphinx
 17679 | D:13     | Gained mutation: Your large and strong wings let you fly.
                  | [Gargoyle growth]
 17679 | D:13     | Reached XP level 14. HP: 94/94 MP: 15/15
 17794 | D:13     | Identified the +2 pair of boots of Goitang {rElec Int+3
                  | Dex+2} (Okawaru gifted it to you on level 13 of the
                  | Dungeon)
 17794 | D:13     | Received a gift from Okawaru
 18251 | D:14     | Found Wengydoi's Jewellery Emporium.
 18329 | D:14     | Found a frozen archway.
 18384 | IceCv    | Entered an ice cave
 18525 | IceCv    | Noticed a quicksilver ooze
 18567 | IceCv    | Reached skill level 16 in Maces & Flails
 18599 | IceCv    | Noticed a quicksilver ooze
 18612 | IceCv    | Killed a quicksilver ooze
 18750 | IceCv    | Killed a quicksilver ooze
 18756 | IceCv    | Got Jiude's Essays on the Snowflakes
 19260 | IceCv    | Noticed a quicksilver ooze
 19271 | IceCv    | Killed a quicksilver ooze
 19406 | IceCv    | Noticed a rockslime
 19408 | IceCv    | Found a viscous altar of Jiyva.
 19408 | IceCv    | Noticed an azure jelly
 19422 | IceCv    | Killed a rockslime
 19438 | IceCv    | Noticed an azure jelly
 19438 | IceCv    | Noticed an azure jelly
 19453 | IceCv    | Mangled by an azure jelly

Illustrated notes

Levels and vault maps discovered:
D:1:      matt_arrival_diagonals, layout_rooms
D:2:      layout_rooms, basic_altar, patterned_corridor, uniq_natasha
D:3:      layout_rooms, grunt_temple_overflow_gold_and_silver,
          general_overflow_altar, lemuel_tele_altar,
          grunt_dithmenos_smoke_and_mirrors, serial_curves, eino_curves_02,
          eino_curves_04, chequers_serial_rivers_micro_c
D:4:      kennysheep_the_goblin_king, layout_rooms, old_standard_altar,
          hangedman_decor_points, hangedman_abyss_or_decor_jellyfish_corner
D:5:      layout_cave_pools, lemuel_mausoleum_altar_yredelemnul,
          mainiacjoe_overflow_concentric_impassable, serial_shops, shop,
          uniq_duvessa, uniq_ijyb, uniq_blork_the_orc
D:6:      layout_gridville, serial_shops, shop
D:7:      layout_basic, minmay_temple_entry_crystal_x
D:8:      minmay_spotlight, layout_rooms, lemuel_doored_altar,
          mainiacjoe_overflow_alcove_2, serial_shops,
          nicolae_shop_window_shopping
D:9:      layout_roguey [special_room_orc], mainiacjoe_overflow_brackets,
          mainiacjoe_overflow_24_doors, lemuel_coloured_pillars_altar,
          lair_entry_dummy
D:10:     gammafunk_worm_tunnel, layout_long_grid, erik_orc_2, serial_shops,
          nicolae_shop_waterfront, nicolae_take_the_stairs,
          nicolae_shop_waterfront, gammafunk_ghost_wrathful_warriors
D:11:     layout_roguey, feat_on_display
D:12:     layout_roguey, nicolae_trove_entry_crossroad, nicolae_two_hexagons,
          uniq_gastronok, uniq_snorg, uniq_kirke
D:13:     layout_loops_ring, grunt_vaults_entry_fortified, grunt_decor_fettered,
          minivault_24, billiards_dpeg
D:14:     layout_roguey [special_room_mythical_zoo],
          nicolae_ashenzari_panopticon, portal_ice_cave_entry_dragon,
          serial_rivers, chequers_serial_rivers_micro_e,
          chequers_serial_rivers_micro_d, chequers_serial_rivers_micro_d,
          chequers_serial_rivers_micro_e, minmay_shop_enchanted_jewellery,
          drop_trap, xom_confusion_cloud
Temple:   kb_temple_of_zot
Lair:1:   layout_cave_pods, gauntlet_entry_generic, grunt_megastairs_5
Lair:2:   layout_misc_corridors, spider_nest_entry_rubble, basic_altar,
          grunt_megastairs_1
Lair:3:   layout_gridlike, minmay_swamp_entry_swarm,
          grunt_forest_small_clearing_treed, grunt_megastairs_4
Lair:4:   layout_long_grid, slime_entry_1
Lair:5:   grunt_lair_end_beastmaster, layout_small_grid, special_room
          [special_room_mythical_zoo], serial_bayou_shore_a, uniq_josephine
IceCv:    ice_cave_hellmonk_azure_passage

Skill      XL: |  1  2  3  4  5  6  7  8  9 10 11 12 13 14 |
---------------+-------------------------------------------+-----
Maces & Flails | 3 4 5 6 7 9 11 13 14 15 16 | 16.5
Armour         | 4 5 6 7 8 9 10 | 10.9
Fighting       | 4 5 6 8 9 11 13 | 13.9
Shields        | 4 5 6 7 8 9 10 11 | 11.3
Stealth        | 1 2 3 4 5 |  5.9
Invocations    | 1 |  1.6

Action                   |  1- 3 |  4- 6 |  7- 9 | 10-12 | 13-15 || total
-------------------------+-------+-------+-------+-------+-------++-------
Melee: Flail             |    74 |   232 |   344 |   820 |   265 ||  1735
       Morningstar       |       |       |       |       |   386 ||   386
       Unarmed           |       |       |       |       |     4 ||     4
Invok: Heroism           |       |       |       |     9 |     4 ||    13
Evoke: Wand              |       |       |       |       |     1 ||     1
  Use: Potion            |       |     1 |     2 |     9 |     1 ||    13
       Scroll            |       |       |     3 |    15 |    10 ||    28
 Stab: Sleeping          |       |       |     1 |     3 |     6 ||    10
       Petrified         |       |       |       |       |     1 ||     1
Armor: Scale mail        |    27 |    91 |       |       |       ||   118
       Ring mail         |       |    31 |   184 |   351 |   208 ||   774
       Ice dragon scales |       |       |       |       |    57 ||    57
Dodge: Dodged            |    35 |   117 |   157 |   342 |   346 ||   997
Block: Buckler           |    11 |    49 |    83 |   199 |   151 ||   493

Table legend: (Time is in decaauts)
 A = Elapsed time spent in this place.
 B = Non-inter-level travel time spent in this place.
 C = Inter-level travel time spent in this place.
 D = Time resting spent in this place.
 E = Time spent auto-exploring this place.
 F = Levels seen in this place.
 G = Mean time per level.
                   A        B        C        D        E       F      G
               +--------+--------+--------+--------+--------+-----+--------+
         Total |  19248 |  18526 |    722 |   1756 |  11710 |  22 |  874.9 |
       Dungeon |  11621 |  11136 |    485 |    353 |   7893 |  14 |  830.1 |
        Temple |     97 |     89 |      8 |      0 |     83 |   1 |   97.0 |
          Lair |   5698 |   5469 |    229 |    599 |   3537 |   5 | 1139.6 |
      Ice Cave |   1018 |   1018 |      0 |    338 |    197 |   1 | 1018.0 |
      Gauntlet |    811 |    811 |      0 |    466 |      0 |   1 |  811.0 |
               +--------+--------+--------+--------+--------+-----+--------+

Top non-repeatable levels by time:
  Lair:3: 1424 daAuts
  Lair:2: 1287 daAuts
     D:7: 1234 daAuts
  Lair:4: 1150 daAuts
     D:6: 1136 daAuts
    D:10: 1111 daAuts
     D:5: 1097 daAuts
     D:9: 1038 daAuts
    D:11: 1026 daAuts
   IceCv: 1018 daAuts
  Lair:5: 991 daAuts
  Lair:1: 844 daAuts
Gauntlet: 811 daAuts
    D:12: 764 daAuts
     D:8: 751 daAuts
